 Dungeon Crawl Stone Soup version 0.27-a0-1434-g6f15984924 (webtiles) character file.

Game seed: 11981755108863930277

0 Gargoyl the Skirmisher (level 1, 0/23 HPs)
             Began as a Gnoll Abyssal Knight on July 3, 2021.
             Was a Follower of Lugonu.
             Slain by a spatial maelstrom (5 damage)
             ... on level 1 of the Abyss.
             The game lasted 00:00:17 (84 turns).

Gargoyl the Skirmisher (Gnoll Abyssal Knight)         Turns: 84, Time: 00:00:18

Health: 0/23       AC:  3    Str: 11    XL:     1   Next: 0%
Magic:  3/3        EV: 11    Int: 11    God:    Lugonu [*.....]
Gold:   0          SH:  0    Dex: 11    Spells: 0/0 levels left

rFire    . . .     SeeInvis .   a - +1 hand axe
rCold    . . .     Faith    .   (no shield)
rNeg     . . .     Spirit   .   b - +0 leather armour
rPois    .         Reflect  .   (no helmet)
rElec    .         Harm     .   (no cloak)
rCorr    .         Rampage  .   (no gloves)
Will     .....                  (no boots)
Stlth    +.........             (no amulet)
HPRegen  0.07/turn              (no ring)
MPRegen  0.08/turn              (no ring)

@: no status effects
A: fangs 1, strong nose, distributed training
a: Renounce Religion, Depart the Abyss


You were on level 1 of the Abyss.
You worshipped Lugonu.
Lugonu was aware of your devotion.
You visited 0 branches of the dungeon, and saw 0 of its levels.
You visited the Abyss 1 time.

Inventory:

Hand Weapons
 a - a +1 hand axe (weapon)
Armour
 b - a +0 leather armour (worn)


   Skills:
 + Level 6.4 Fighting
 + Level 0.0 Short Blades
 + Level 0.0 Long Blades
 + Level 4.4 Axes
 + Level 0.0 Maces & Flails
 + Level 0.0 Polearms
 + Level 0.0 Staves
 + Level 0.0 Slings
 + Level 0.0 Bows
 + Level 0.0 Crossbows
 + Level 0.0 Throwing
 + Level 4.4 Armour
 + Level 2.3 Dodging
 + Level 0.0 Stealth
 + Level 0.0 Shields
 + Level 0.0 Unarmed Combat
 + Level 0.0 Spellcasting
 + Level 0.0 Conjurations
 + Level 0.0 Hexes
 + Level 0.0 Summonings
 + Level 0.0 Necromancy
 + Level 0.0 Translocations
 + Level 0.0 Transmutations
 + Level 0.0 Fire Magic
 + Level 0.0 Ice Magic
 + Level 0.0 Air Magic
 + Level 0.0 Earth Magic
 + Level 0.0 Poison Magic
 + Level 4.4 Invocations
 + Level 0.0 Evocations


You couldn't memorise any spells.
You didn't know any spells.
Your spell library was empty.

Dungeon Overview and Level Annotations

Branches:
Dungeon (0/15)

Altars:


Innate Abilities, Weirdness & Mutations

You have very sharp teeth.
Your uncanny sense of smell can sniff out nearby items.
Your experience applies equally to all skills.


Message History

Welcome, Gargoyl the Gnoll Abyssal Knight.
Will you be the one to retrieve the awesome Orb of Zot from the depths?
Lugonu says: Depart the Abyss and spread corruption, my servant! (use the ability menu to exit the Abyss) Press ? for a list of commands and other information.
Found a corrupted altar of Lugonu.
Found a corrupted altar of Lugonu.
Unknown command.
Found a gateway leading out of the Abyss.
c - a scroll labelled XIOTHR GESEBI
As you read the scroll labelled XIOTHR GESEBI, it crumbles to dust.
You feel strangely unstable.
You feel the power of the Abyss delaying your translocation!
It was a scroll of teleportation.
There is a corrupted altar of Lugonu here.
You are suddenly pulled into a different region of the Abyss!
A tentacled starspawn comes into view.
A spatial vortex comes into view.
A tentacle flies out from the starspawn's body!
A starspawn tentacle comes into view.
Found a fizzy silvery potion.
A spatial maelstrom comes into view.
A spatial vortex comes into view. x2
A tentacle flies out from the starspawn's body! 2 spatial vortices and a starspawn tentacle come into view.
A spatial vortex comes into view.
The starspawn tentacle barely misses you.
A starspawn tentacle comes into view.
The spatial maelstrom hits you!!
Ouch! That really hurt!
* * * LOW HITPOINT WARNING * * *
Space bends around you.
You die...

.#.vv# #.####...#
....v ##.....#
.#..###..#.##..
#...##..##.# .
#....──...#
##..X.....#
####w##...#.#
#..v..####.#..
.....#@....#
#.###
#.##...#.##....!#
....##..# .##. #
#..##. ### . .. #
#


You could see a tentacled starspawn, a spatial maelstrom and a starspawn
tentacle (unaware).

Vanquished Creatures (others)
  2 starspawn tentacles (Abyss:1)
2 creatures vanquished.

Notes
Turn   | Place    | Note
-------+----------+-------------------------------------------
     0 | Abyss:1  | Gargoyl the Gnoll Abyssal Knight began the quest for the
                  | Orb.
     0 | Abyss:1  | Reached XP level 1. HP: 23/23 MP: 3/3
     0 | Abyss:1  | Found a corrupted altar of Lugonu.
    60 | Abyss:1  | Noticed a tentacled starspawn
    68 | Abyss:1  | Noticed a spatial vortex
    80 | Abyss:1  | Noticed a spatial maelstrom
    80 | Abyss:1  | Noticed a spatial vortex
    80 | Abyss:1  | Noticed a spatial vortex
    82 | Abyss:1  | Noticed a spatial vortex
    82 | Abyss:1  | Noticed a spatial vortex
    82 | Abyss:1  | Noticed a spatial vortex
    84 | Abyss:1  | Slain by a spatial maelstrom

Illustrated notes

Levels and vault maps discovered:
Abyss:1:  base: Temple, hangedman_abyss_exit_choices, base:
Temple

Action                   || total
-------------------------++-------
  Use: Scroll            ||     1
Dodge: Dodged            ||     1

Table legend: (Time is in decaauts)
 A = Elapsed time spent in this place.
 B = Non-inter-level travel time spent in this place.
 C = Inter-level travel time spent in this place.
 D = Time resting spent in this place.
 E = Time spent auto-exploring this place.
 F = Levels seen in this place.
 G = Mean time per level.
                   A        B        C        D        E       F      G
               +--------+--------+--------+--------+--------+-----+--------+
         Total |     84 |     84 |      0 |      0 |     57 |   1 |   84.0 |
         Abyss |     84 |     84 |      0 |      0 |     57 |   1 |   84.0 |
               +--------+--------+--------+--------+--------+-----+--------+

Top non-repeatable levels by time:
 Abyss:1: 84 daAuts
